Map: Hecate LE

Players

SubN - Winner!

  • Race: Zerg Zerg
  • League: Diamond
  • Spawn Location: 1:00

Krullus

  • Race: Protoss Protoss
  • League: Diamond
  • Spawn Location: 7:00

VOD

Have the link to the VOD?

Description

Time

  • Played on: Jan. 15, 2024, 6:20 p.m.
  • Length: 9:36
Show
View Real Time Build Order
Export as new Build Order

SubN Zerg - Winner!

Build Orders: Hatch First 

Get SALT Encoding   

  12  0:00  Drone  
  13  0:12  Overlord  
  13  0:19  Drone  
  14  0:31  Drone x2  
  16  0:50  Hatchery  
  16  0:51  Drone  
  16  0:55  Drone  
  17  0:59  Drone  
  18  1:05  Extractor  
  17  1:15  Spawning Pool  
  16  1:49  Drone  
  16  1:50  Drone x2  
  19  2:11  Queen  
  21  2:21  Hatchery, Queen  
  22  2:27  Drone  
  23  2:30  Drone  
  23  2:35  Overlord  
  24  2:42  Overlord  
  24  2:49  Metabolic Boost  
  24  2:54  Drone x2  
  26  3:08  Drone x4  
  30  3:14  Queen  
  32  3:22  Drone x2  
  32  3:24  Drone x2  
  36  3:27  Drone  
  36  3:28  Drone  
  36  3:32  Zergling x2  
  39  3:36  Drone x2  
  41  3:43  Roach Warren  
  41  3:47  Drone x3  
  43  3:50  Extractor  
  43  3:52  Drone  
  43  3:53  Drone, Extractor  
  43  3:55  Drone  
  44  3:57  Extractor  
  44  3:59  Overlord  
  43  4:15  Overlord x3  
  43  4:17  Overlord  
  43  4:19  Overlord  
  43  4:24  Lair  
  43  4:25  Drone x2  
  43  4:27  Drone  
  43  4:30  Drone  
  43  4:31  Drone  
  48  4:32  Drone  
  48  4:33  Drone  
  48  4:34  Drone  
  48  4:37  Drone  
  48  4:38  Drone  
  53  4:44  Evolution Chamber  
  52  4:46  Evolution Chamber  
  52  4:49  Queen  
  53  4:58  Overlord  
  53  4:59  Roach  
  55  5:00  Roach x2  
  59  5:13  Zerg Missile Weapons Level 1  
  59  5:14  Zerg Ground Armor Level 1  
  59  5:17  Roach x4  
  67  5:24  Glial Reconstitution  
  67  5:29  Overlord  
  67  5:34  Pneumatized Carapace  
  67  5:38  Drone x4  
  67  5:41  Overseer  
  71  5:43  Overseer  
  71  5:48  Overseer  
  71  5:50  Queen  
  71  5:51  Queen  
  75  6:01  Drone x4  
  75  6:04  Extractor  
  78  6:05  Drone  
  78  6:06  Extractor  
  78  6:07  Roach x4  
  78  6:08  Roach  
  78  6:11  Ravager  
  89  6:13  Ravager  
  90  6:21  Roach x3  
  90  6:22  Zergling x2  
  90  6:23  Zergling x6  
  100  6:28  Drone x3  
  100  6:29  Drone  
  100  6:30  Drone x2  
  106  6:46  Hatchery  
  105  6:55  Drone  
  105  6:57  Overlord x5  
  106  7:01  Overlord  
  106  7:06  Zerg Missile Weapons Level 2  
  106  7:09  Zerg Ground Armor Level 2  
  106  7:14  Queen  
  108  7:16  Drone  
  108  7:18  Spire  
  108  7:19  Drone x2  
  110  7:24  Ravager x4  
  110  7:28  Ravager  
  115  7:37  Queen  
  115  7:38  Queen  
  119  7:47  Spore Crawler  
  119  7:48  Drone x2, Spore Crawler  
  119  7:49  Drone  
  119  7:50  Queen  
  119  7:51  Drone  
  123  7:52  Drone  
  123  7:57  Spore Crawler x2  
  121  8:00  Spore Crawler  
  111  8:31  Corruptor  
  111  8:32  Corruptor x7  
  111  8:33  Corruptor x2  
  131  8:37  Overlord x2  
  123  8:56  Overseer x2  
  113  9:04  Mutalisk  
  113  9:05  Mutalisk x3  
  121  9:16  Zergling x2  
  117  9:17  Zergling x24  
  117  9:20  Overseer  
Show
View Real Time Build Order
Export as new Build Order

Krullus Protoss 

Build Orders:  

Get SALT Encoding   

  12  0:02  Probe (Chrono Boost)  
  13  0:14  Probe (Chrono Boost)  
  14  0:20  Probe (Chrono Boost)  
  15  0:27  Pylon  
  15  0:45  Probe  
  15  0:46  Gateway  
  16  0:55  Forge  
  16  0:57  Probe  
  17  1:06  Pylon  
  17  1:09  Probe  
  18  1:16  Assimilator  
  18  1:30  Photon Cannon  
  17  1:35  Probe  
  18  1:43  Pylon  
  18  1:47  Probe  
  19  1:59  Probe  
  20  2:10  Nexus  
  20  2:15  Zealot  
  22  2:28  Photon Cannon  
  22  2:37  Cybernetics Core  
  22  2:42  Assimilator  
  22  2:44  Probe  
  23  2:56  Probe  
  24  3:10  Probe  
  25  3:16  Stalker  
  27  3:25  Warp Gate, Stargate  
  27  3:32  Pylon  
  27  3:33  Probe (Chrono Boost)  
  29  3:36  Pylon  
  29  3:37  Probe (Chrono Boost)  
  29  3:42  Probe (Chrono Boost)  
  29  3:47  Probe (Chrono Boost)  
  30  3:50  Shield Battery  
  31  4:04  Probe x2  
  31  4:05  Assimilator  
  31  4:09  Pylon  
  33  4:14  Stargate  
  33  4:16  Probe  
  33  4:17  Probe  
  35  4:22  Gateway  
  35  4:24  Gateway  
  35  4:29  Probe x2  
  37  4:54  Pylon  
  37  4:59  Robotics Facility  
  37  5:04  Probe, Void Ray (Chrono Boost)  
  37  5:05  Probe  
  43  5:13  Sentry  
  45  5:17  Probe  
  45  5:18  Stalker  
  48  5:21  Zealot  
  48  5:25  Probe  
  51  5:29  Probe  
  51  5:33  Protoss Air Weapons Level 1 (Chrono Boost)  
  51  5:35  Protoss Shields Level 1 (Chrono Boost)  
  56  5:36  Void Ray (Chrono Boost)  
  56  5:38  Probe  
  56  5:41  Probe  
  58  5:45  Assimilator  
  58  5:49  Photon Cannon  
  58  5:54  Immortal (Chrono Boost)  
  62  6:10  Void Ray (Chrono Boost)  
  66  6:13  Stalker  
  66  6:14  Stalker  
  70  6:32  Observer  
  71  6:40  Probe x2  
  71  6:46  Void Ray (Chrono Boost)  
  77  6:52  Pylon  
  77  6:56  Twilight Council  
  77  7:00  Pylon  
  77  7:30  Robotics Bay  
  77  7:33  Dark Shrine  
  77  7:37  Gateway  
  77  7:39  Immortal  
  77  7:40  Pylon, Charge  
  81  8:01  Nexus  
  81  8:04  Pylon  
  81  8:05  Pylon  
  70  8:26  Void Ray  
  62  8:47  Dark Templar  
  62  8:48  Dark Templar x3  
  64  9:23  Stalker x2  
  64  9:24  Stalker x2  
Tags
 
Matchup
PvZ
Replay Pack
2025 replay dump
Spawn Locations
Cross Positions
Add a new tag
Caveats
  • Supply blocks, unpowered buildings, or Contaminate may cause inaccurate times.
  • Supply counts are checked every 10 seconds.